 Dungeon Crawl Stone Soup version 0.32-a0-779-g362cfcae2a (webtiles) character file.

Game seed: 124585356791517801

98 warriortoast the Digger (level 4, -11/24 HPs)
             Began as a Gargoyle Earth Elementalist on Mar 19, 2024.
             Shot with an arrow by a centaur (12 damage)
             ... on level 6 of the Dungeon.
             The game lasted 00:06:13 (2613 turns).

warriortoast the Digger (GrEE)                      Turns: 2613, Time: 00:06:13

Health: -11/24     AC:  8    Str: 12    XL:     4   Next: 71%
Magic:  8/8        EV: 11    Int: 19    God:
Gold:   73         SH:  0    Dex: 10    Spells: 8/9 levels left

rFire   x . .        k - +1 dagger of Joyful Slaughter {heavy, Int+2}
rCold   + . .        (no shield)
rNeg    + + .        a - +0 robe
rPois   ∞            r - +1 helmet
rElec   +            (no cloak)
rCorr   .            p - +0 pair of gloves
SInv    .            (no boots)
Will    .....        (no amulet)
Stlth   +++          n - ring of wizardry
HPRegen 0.24/turn    o - ring "Cecifyo" {Ice ^Drain rN+ Stlth+}
MPRegen 0.11/turn

%: wizardry (x1)
@: no status effects
A: sickness immunity, AC +3, negative energy resistance 1, electricity
resistance, torment resistance 1, petrification resistance
a: no special abilities


You were on level 6 of the Dungeon.
You visited 1 branch of the dungeon, and saw 4 of its levels.

You collected 73 gold pieces.

Inventory:

Hand Weapons
 e - a +1 dagger of venom
 k - the +1 dagger of Joyful Slaughter (weapon) {heavy, Int+2}
   (You found it on level 2 of the Dungeon)

   Int+2:     It affects your intelligence (+2).
 m - a +2 hand axe of electrocution
Missiles
 h - 3 boomerangs
Armour
 a - a +0 robe (worn)
 p - a +0 pair of gloves (worn)
 r - a +1 helmet (worn)
Jewellery
 d - a ring of resist corrosion
 n - a ring of wizardry (left hand)
 o - the ring "Cecifyo" (right hand) {Ice ^Drain rN+ Stlth+}
   (You found it on level 3 of the Dungeon)

   [ring of ice]

   Ice:       It enhances your ice magic.
   rF-:       It makes you vulnerable to fire.
   rC+:       It protects you from cold.
   rN+:       It protects you from negative energy.
   ^Drain:    It drains your maximum health when unequipped.
   Stlth+:    It makes you more stealthy.
Scrolls
 c - a scroll of enchant armour
 g - a scroll of teleportation
Potions
 b - a potion of magic
 f - a potion of curing
 i - a potion of resistance {unknown}


   Skills:
 - Level 1.5 Dodging
 - Level 2.1 Stealth
 + Level 3.0 Spellcasting
 + Level 2.8 Conjurations
 + Level 4.7 Earth Magic


You had 8 spell levels left.
You knew the following spells:

 Your Spells              Type           Power      Damage    Failure   Level
a - Sandblast             Erth           40%        2d10      1%          1

Your spell library contained the following spells:

 Spells                   Type           Power      Damage    Failure   Level
 Passwall                 Erth           20%        N/A       2%          3
 Stone Arrow              Conj/Erth      34%        3d9       4%          3
 Brom's Barrelling Bould  Conj/Erth      17%        2d4       13%         4
 Summon Ice Beast         Ice/Summ       4%         N/A       17%         3
 Petrify                  Alch/Erth      11%        N/A       22%         4
 Summon Forest            Summ/Tloc      1%         N/A       82%         5
 Summon Mana Viper        Hex/Summ       2%         N/A       82%         5
 Eringya's Noxious Bog    Alch           1%         4d6       100%        6
 Monstrous Menagerie      Summ           1%         N/A       100%        7
 Summon Hydra             Summ           1%         N/A       100%        7


Dungeon Overview and Level Annotations

Branches:
Dungeon (6/15)
 Temple: D:4-7

Altars:
Kikubaaqudgha
Makhleb
Sif Muna
Wu Jian

Shops:
D:2 (


Innate Abilities, Weirdness & Mutations

You are immune to sickness and miasma.
Your stone body is resilient. (AC +3)
You are immune to poison.
You resist negative energy. (rN+)
You are resistant to electric shocks. (rElec)
You are resistant to unholy torment.
You are immune to petrification.


Message History

You can't see any susceptible monsters within range! (Use Z to cast anyway.)
You see here 5 stones.
Found 3 stones.
A malevolent force fills the Dungeon...
You fall into a shaft and drop 3 floors!
The shaft crumbles and collapses.
Found a stone staircase leading down.
As you read the scroll labelled YGHUXAUKAP, it crumbles to dust.
It is a scroll of enchant armour.
Your +0 helmet glows green for a moment.
As you read the scroll labelled PABUOK RABA, it crumbles to dust.
You feel strangely unstable.
It was a scroll of teleportation.
As you read the scroll labelled YLORAN KUKOT, it crumbles to dust.
Your body is wracked with pain!
It was a scroll of torment.
As you read the scroll labelled ZUFAON PAES, it crumbles to dust.
It is a scroll of identify.
f - a potion of curing Your surroundings suddenly seem different.
Unknown command.
As you read the scroll labelled IRIACH ATALIFO, it crumbles to dust.
It is a scroll of amnesia.
Okay, then.
The air fills with toxic fumes!
As you read the scroll labelled RIHUAKHL OMORAT, it crumbles to dust.
It was a scroll of poison.
A centaur comes into view.
Found 7 stones.
Found a scroll labelled PELOORR REBE.
The centaur shouts!
The centaur wields a +0 orcbow.
The centaur shoots an arrow.
The arrow hits you.
The centaur shoots an arrow.
The arrow hits you!
Ouch! That really hurt!
* * * LOW HITPOINT WARNING * * *
The centaur shoots an arrow.
The arrow hits you.
The centaur shoots an arrow.
The arrow hits you!
* * * LOW HITPOINT WARNING * * *
The centaur shoots an arrow.
The arrow hits you!
Ouch! That really hurt!
You die...

...##. ..... .
......?.........
.................
.............c...
.c#.##...........
###..## #..........
###.@...###.........#
#........##........#
###................#
##........###...##
##.......###..##
###.....#....#
#...........#
#.....###...# ##.##.#
##.##


You could see a centaur.

Vanquished Creatures
  3 adders
  4 ribbon worms
  7 endoplasms
  2 giant cockroaches
  5 goblins
  4 hobgoblins
  8 jackals
  2 quokkas (D:2)
  6 ball pythons
  5 bats
  3 frilled lizards
  3 kobolds
  9 rats
61 creatures vanquished.

Notes
Turn   | Place    | Note
-------+----------+-------------------------------------------
     0 | D:1      | warriortoast the Gargoyle Earth Elementalist began the
                  | quest for the Orb.
     0 | D:1      | Reached XP level 1. HP: 10/10 MP: 3/3
   272 | D:1      | Reached XP level 2. HP: 15/15 MP: 5/5
   554 | D:1      | Reached skill level 4 in Earth Magic
   781 | D:2      | Found Hagruwe's Antique Weapon Boutique.
   819 | D:2      | Reached XP level 3. HP: 4/19 MP: 2/6
  1321 | D:2      | Identified the +1 dagger of Joyful Slaughter {heavy, Int+2}
  1617 | D:2      | Reached XP level 4. HP: 24/24 MP: 1/8
  2111 | D:3      | Identified the ring "Cecifyo" {Ice ^Drain rN+ Stlth+}
  2123 | D:3      | Found an ancient bone altar of Kikubaaqudgha.
  2259 | D:3      | Found a burning altar of Makhleb.
  2300 | D:3      | Found a shimmering blue altar of Sif Muna.
  2361 | D:3      | Found an ornate altar of the Wu Jian Council.
  2583 | D:3      | You fall into a shaft and drop 3 floors!
  2591 | D:6      | Noticed a centaur
  2610 | D:6      | HP: 1/24 [centaur/arrow (8)]
  2613 | D:6      | Shot with an arrow by a centaur

Illustrated notes

Levels and vault maps discovered:
D:1:      co_arrival_square_in_a_square_in_a_square, layout_loops_cross,
          chequers_serial_rivers_room_b
D:2:      mumra_celtic_spiral_tile, layout_basic, serial_shops,
          nicolae_shop_hallway_stairs, grunt_decor_resistance
D:3:      layout_rooms, lemuel_tele_altar, general_overflow_altar,
          hellmonk_sif_muna_bookshelves, mainiacjoe_overflow_catwalk,
          nicolae_figureground_sparkle
D:6:      layout_cave_pools, nicolae_hepliaklqana_hazy_memory

Skill      XL: |  1  2  3  4 |
---------------+-------------+-----
Earth Magic    | 4 |  4.7
Conjurations   | 2 |  2.8
Spellcasting   | 3 |  3.0
Dodging        | |  1.5
Stealth        | |  2.1

Action                     |  1- 3 |  4- 6 || total
---------------------------+-------+-------++-------
  Melee: Dagger            |    20 |       ||    20
   Cast: Sandblast         |    44 |    35 ||    79
    Use: Scroll            |       |     6 ||     6
 Armour: Robe              |    25 |    22 ||    47
  Dodge: Dodged            |    25 |    23 ||    48

Table legend: (Time is in decaauts)
 A = Elapsed time spent in this place.
 B = Non-inter-level travel time spent in this place.
 C = Inter-level travel time spent in this place.
 D = Time resting spent in this place.
 E = Time spent auto-exploring this place.
 F = Levels seen in this place.
 G = Mean time per level.
                   A        B        C        D        E       F      G
               +--------+--------+--------+--------+--------+-----+--------+
         Total |   2653 |   2571 |     82 |    171 |   1978 |   4 |  663.2 |
       Dungeon |   2653 |   2571 |     82 |    171 |   1978 |   4 |  663.2 |
               +--------+--------+--------+--------+--------+-----+--------+

Top non-repeatable levels by time:
     D:2: 1089 daAuts
     D:1: 849 daAuts
     D:3: 684 daAuts
     D:6: 29 daAuts
